 Dungeon Crawl Stone Soup version 0.31-a0-221-gbddc013574 (webtiles) character file.

Game seed: 2605800553062426847

103 Anon1729 the Trooper (level 4, -1/41 HPs)
             Began as a Minotaur Monk on July 4, 2023.
             Slain by a hobgoblin (2 damage)
             ... on level 3 of the Dungeon.
             The game lasted 00:00:38 (1106 turns).

Anon1729 the Trooper (Minotaur Monk)                Turns: 1106, Time: 00:00:38

Health: -1/41      AC:  9    Str: 16    XL:     4   Next: 51%
Magic:  3/4        EV:  8    Int:  7    God:
Gold:   91         SH:  0    Dex: 14    Spells: 3/3 levels left

rFire   . . .        a - +0 short sword
rCold   . . .        d - orb {light}
rNeg    . . .        l - +0 chain mail
rPois   .            (helmet restricted)
rElec   .            (no cloak)
rCorr   .            (no gloves)
SInv    .            k - +0 pair of boots
Will    .....        (no amulet) Stlth
                     (no ring)
HPRegen 0.26/turn    (no ring)
MPRegen 0.09/turn

%: no passive effects
@: glowing
A: horns 2, retaliatory headbutt
a: no special abilities


You were on level 3 of the Dungeon.
You visited 1 branch of the dungeon, and saw 3 of its levels.

You collected 91 gold pieces.

Inventory:

Hand Weapons
 a - a +0 short sword (weapon)
Armour
 b - a +0 robe
 d - an orb of light (worn)
 k - a +0 pair of boots (worn)
 l - a +0 chain mail (worn)
Scrolls
 h - a scroll of noise {unknown}
 i - a scroll of acquirement {unknown}
 j - a scroll of revelation {unknown}
Potions
 c - a potion of ambrosia
 e - a potion of enlightenment {unknown}
 f - a potion of degeneration {unknown}
 g - a potion of curing {unknown}
 m - a potion of mutation {unknown}
 n - a potion of heal wounds {unknown}
 o - a potion of haste {unknown}
 p - a potion of cancellation {unknown}
 q - a potion of resistance {unknown}


   Skills:
 + Level 4.3 Fighting
 + Level 3.9 Short Blades
 + Level 2.0 Armour
 + Level 3.9 Dodging
 + Level 1.6 Invocations


You had 3 spell levels left.
You didn't know any spells.
Your spell library contained the following spells:

 Spells                   Type           Power      Damage    Failure   Level
 Slow                     Hex            0%         N/A       99%         1
 Cigotuvi's Dreadful Rot  Necr/Pois/Air  0%         N/A       100%        2
 Lesser Beckoning         Tloc           0%         N/A       100%        2
 Confusing Touch          Hex            0%         N/A       100%        3
 Gell's Gravitas          Tloc           0%         N/A       100%        3
 Teleport Other           Tloc           0%         N/A       100%        3
 Vampiric Draining        Necr           0%         2d6       100%        3
 Dispel Undead            Necr           0%         3d6       100%        4
 Death Channel            Necr           0%         N/A       100%        6


Dungeon Overview and Level Annotations

Branches:
Dungeon (3/15)

Altars:

Shops:
D:1 (


Innate Abilities, Weirdness & Mutations

You have a pair of horns on your head.
You reflexively headbutt those who attack you in melee.


Message History

You are too injured to fight recklessly!
You are too injured to fight recklessly!
You are too injured to fight recklessly!
You are too injured to fight recklessly!
You are too injured to fight recklessly!
You are too injured to fight recklessly!
You are too injured to fight recklessly!
You are too injured to fight recklessly!
You are too injured to fight recklessly!
You are too injured to fight recklessly!
You hit the sleepcap but do no damage.
You headbutt the sleepcap, but do no damage.
The sleepcap is severely damaged.
The hobgoblin hits you. The sleepcap releases spores at you.
You hit the sleepcap.
The sleepcap is severely damaged.
The hobgoblin closely misses you. The sleepcap releases spores at you.
You are engulfed in a cloud of soporific spores!
You fall asleep.
The worm bites you!
You wake up.
* * * LOW HITPOINT WARNING * * *
Unknown command.
Unknown command.
Unknown command.
You hit the sleepcap but do no damage. You headbutt the sleepcap.
The sleepcap is almost destroyed.
The hobgoblin hits you but does no damage.
The sleepcap releases spores at you but does no damage.
The worm closely misses you.
You hit the sleepcap.
You destroy the sleepcap!
The hobgoblin hits you.
* * * LOW HITPOINT WARNING * * *
Your Armour skill increases to level 2!
The hobgoblin attacks as you move away! The hobgoblin barely misses you.
You furiously retaliate!
You headbutt the hobgoblin. The worm bites you.
* * * LOW HITPOINT WARNING * * *
Found 12 gold pieces.
The hobgoblin attacks as you move away! The hobgoblin hits you.
You die...

....#...........#
..###...........#
.............8###
.............?+
..###........8### ...
#.........†.# .
..#.#.........w!#####...
..#.#...................
..# #.####.###.g@...###
.. ... ...........##
.......###...# ........
..... ....#... ....... #
#... .....#. ... #..$...
....#.


You could see a worm and a hobgoblin.

Vanquished Creatures
  A hound (D:3)
  A sleepcap (D:3)
  An adder (D:2)
  A dart slug (D:2)
  3 ball pythons
  2 endoplasms (D:1)
  4 goblins
  6 hobgoblins
  3 jackals (D:2)
  A kobold (D:1)
  2 quokkas (D:1)
  4 bats
  4 frilled lizards
  2 rats
35 creatures vanquished.

Notes
Turn   | Place    | Note
-------+----------+-------------------------------------------
     0 | D:1      | Anon1729 the Minotaur Monk began the quest for the Orb.
     0 | D:1      | Reached XP level 1. HP: 19/19 MP: 0/0
    95 | D:1      | Reached XP level 2. HP: 27/27 MP: 1/1
   109 | D:1      | Found Koucvata's Weapon Shoppe.
   284 | D:1      | Reached skill level 1 in Armour
   718 | D:2      | Reached skill level 4 in Fighting
   718 | D:2      | Reached skill level 1 in Invocations
   718 | D:2      | Reached XP level 3. HP: 32/33 MP: 2/2
  1087 | D:3      | Reached XP level 4. HP: 36/40 MP: 2/4
  1103 | D:3      | HP: 1/41 [worm (6)]
  1106 | D:3      | Slain by a hobgoblin

Illustrated notes

Levels and vault maps discovered:
D:1:      lordsloth_arrival_two_stooges, layout_rooms, serial_shops,
          nicolae_shop_rolling_square
D:2:      layout_rooms, nicolae_kite_square_tiling_tiny
D:3:      layout_rooms, marbit_many_paths,
          dreamdust_ecumenical_altar_angels_and_demons, serial_undead,
          serial_undead_c, serial_undead_e, serial_undead_d, serial_undead_e,
          dk_vineyard_2, uniq_sigmund

Skill      XL: |  1  2  3  4 |
---------------+-------------+-----
Armour         | 1 2 |  2.0
Fighting       | 4 |  4.3
Invocations    | 1 |  1.6
Short Blades   | |  3.9
Dodging        | |  3.9

Action                     |  1- 3 |  4- 6 || total
---------------------------+-------+-------++-------
  Melee: Short sword       |    69 |    15 ||    84
         Headbutt          |    18 |     3 ||    21
 Armour: Robe              |     1 |       ||     1
         Chain mail        |    12 |     8 ||    20
  Dodge: Dodged            |    32 |    11 ||    43

Table legend: (Time is in decaauts)
 A = Elapsed time spent in this place.
 B = Non-inter-level travel time spent in this place.
 C = Inter-level travel time spent in this place.
 D = Time resting spent in this place.
 E = Time spent auto-exploring this place.
 F = Levels seen in this place.
 G = Mean time per level.
                   A        B        C        D        E       F      G
               +--------+--------+--------+--------+--------+-----+--------+
         Total |   1091 |    980 |    111 |      0 |    779 |   3 |  363.7 |
       Dungeon |   1091 |    980 |    111 |      0 |    779 |   3 |  363.7 |
               +--------+--------+--------+--------+--------+-----+--------+

Top non-repeatable levels by time:
     D:1: 595 daAuts
     D:2: 454 daAuts
     D:3: 41 daAuts
